Map: New Repugnancy LE

Players

JEROS

  • Race: Terran Terran
  • League: Master
  • Spawn Location: 1:00

Mez - Winner!

  • Race: Terran Terran
  • League: Master
  • Spawn Location: 7:00

VOD

Have the link to the VOD?

Description

Time

  • Played on: Aug. 12, 2019, 9:02 a.m.
  • Length: 2:55
Show
View Real Time Build Order
Export as new Build Order

JEROS Terran 

Build Orders:  

Get SALT Encoding   

  12  0:00  SCV  
  13  0:13  SCV  
  14  0:18  Supply Depot  
  14  0:39  Refinery  
  14  0:40  Barracks  
  14  0:56  Barracks  
  14  1:00  SCV  
  15  1:12  SCV  
  16  1:27  Reaper  
  16  1:28  Orbital Command  
  17  1:43  Reaper  
  18  1:54  SCV  
  18  1:57  Refinery  
  18  2:00  Reaper  
  20  2:08  SCV  
  21  2:09  Supply Depot  
  21  2:16  Reaper  
  21  2:20  SCV  
  22  2:36  SCV  
Show
View Real Time Build Order
Export as new Build Order

Mez Terran - Winner!

Build Orders: Reaper Expand 

Get SALT Encoding   

  12  0:00  SCV  
  13  0:13  SCV  
  14  0:17  Supply Depot  
  14  0:25  SCV  
  15  0:39  SCV  
  15  0:41  Barracks  
  16  0:45  Refinery  
  16  0:51  SCV  
  17  1:03  SCV  
  18  1:15  SCV  
  19  1:28  Reaper  
  19  1:29  Orbital Command  
  20  1:50  Command Center  
  20  1:54  Barracks  
  21  2:01  Reaper  
  21  2:06  Bunker  
  20  2:14  Bunker  
  19  2:30  SCV  
  22  2:47  Supply Depot  
  23  2:54  Refinery  
Tags
 
Add a new tag
Caveats
  • Supply blocks, unpowered buildings, or Contaminate may cause inaccurate times.
  • Supply counts are checked every 10 seconds.